 Dungeon Crawl Stone Soup version 0.20.0-15-g7f486f2 (webtiles) character file.

37 KleinerIrrer the Shooter (level 3, -1/28 HPs)
             Began as a Barachi Hunter on June 25, 2017.
             Succumbed to Sigmund's poison
             ... on level 2 of the Dungeon.
             The game lasted 00:02:40 (776 turns).

KleinerIrrer the Shooter (Barachi Hunter)            Turns: 776, Time: 00:02:41

Health: -1/28      AC:  4    Str: 11 (13) XL:     3   Next: 39%
Magic:  3/3        EV: 12    Int:  8 (11) God:
Gold:   58         SH:  0    Dex: 11 (13) Spells: 2/2 levels left

rFire    . . .     SeeInvis .   a - +1 shortbow
rCold    . . .     Gourm    .   (shield currently unavailable)
rNeg     . . .     Faith    .   c - +0 leather armour
rPois    .         Spirit   .   (no helmet)
rElec    .         Reflect  .   (no cloak)
rCorr    .         Harm     .   (no gloves)
MR       .....                  m - +0 pair of boots
Stlth    ..........             (no amulet)
Regen    0.1/turn               n - ring of loudness (curse)
MPRegen  0.1/turn               (no ring)

@: lethally poisoned (-1 -> -26), flying, slow
A: +LOS, swims, slowness 1, strong legs 1
a: Hop


You were on level 2 of the Dungeon.
You were not hungry.

You visited 1 branch of the dungeon, and saw 2 of its levels.

You collected 58 gold pieces.

Inventory:

Hand Weapons
 a - a +1 shortbow (weapon)
 b - a +0 short sword
Missiles
 d - 62 arrows (quivered)
Armour
 c - a +0 leather armour (worn)
 m - a +0 pair of boots (worn)
Jewellery
 n - a cursed ring of loudness (left hand)
Scrolls
 k - 2 scrolls of identify {unknown}
 p - a scroll of random uselessness {unknown}
Potions
 e - a potion of might {unknown}
 g - a potion of agility {unknown}
 h - a potion of heal wounds {unknown}
 j - a potion of flight
 o - a potion of invisibility {unknown}
Comestibles
 f - 2 bread rations
 l - a royal jelly


   Skills:
 + Level 2.5 Fighting
 + Level 5.0 Bows
 + Level 0.2 Armour
 + Level 2.2 Dodging
 + Level 0.8 Stealth


You had 2 spell levels left.
You didn't know any spells.

Dungeon Overview and Level Annotations

Branches:
Dungeon (2/15)

Altars:
Ashenzari

Annotations:
D:2 Sigmund


Innate Abilities, Weirdness & Mutations

Shadows flee at your approach. (+LOS)
You can swim through water.
You cover ground slowly.
You can hop short distances.


Message History

Sigmund hits you from afar with a scythe of venom!
You are poisoned.
Found 6 gold pieces.
Firing (i - inventory):
d - 63 arrows (quivered)
Press: ? - help, Shift-Dir - straight line, f - Sigmund
Aim: Sigmund, wielding a scythe of venom and wearing a runed robe You shoot an arrow.
The arrow closely misses Sigmund.
You feel sick.
Sigmund hits you from afar with a scythe of venom!
* * * LOW HITPOINT WARNING * * *
You are more poisoned.
You are too injured to fight recklessly!
It was a potion of flight.
You feel very buoyant.
You fly up into the air.
* * * LOW HITPOINT WARNING * * *
You feel sick.
It was a potion of degeneration.
There was something very wrong with that liquid.
You feel weakened.
You feel dopey.
You feel clumsy.
You die...

#.. #.# # ## #.##.## .$
#..... #.#########.##.# .
#.#..........#.##..
#.#.#####..........
...####.#.#####.#........
...<....@.......##..#####
....###.##########..# #@
#..# #. ##.#### #. #.##..
#. #.##.# .. #.##^# ##
#.##.# #.##.#


You could see Sigmund.

Vanquished Creatures
  An adder (D:2)
  2 dart slugs (D:1)
  2 giant cockroaches (D:1)
  3 goblins (D:1)
  5 hobgoblins
  6 kobolds
  A bat (D:1)
  2 frilled lizards
22 creatures vanquished.

Vanquished Creatures (others)
  A hobgoblin (D:2)
1 creature vanquished.

Grand Total: 23 creatures vanquished

Notes
Turn   | Place    | Note
-------+----------+-------------------------------------------
     0 | D:1      | KleinerIrrer the Barachi Hunter began the quest for the Orb.
     0 | D:1      | Reached XP level 1. HP: 17/17 MP: 1/1
    72 | D:1      | Reached XP level 2. HP: 13/23 MP: 2/2
   466 | D:1      | Reached XP level 3. HP: 21/28 MP: 3/3
   609 | D:2      | Reached skill level 5 in Bows
   671 | D:2      | Found a shattered altar of Ashenzari.
   773 | D:2      | Noticed Sigmund
   775 | D:2      | HP: 1/28 [poisoned by Sigmund]
   776 | D:2      | Succumbed to Sigmund's poison

Skill      XL: |  1  2  3 |
---------------+----------+-----
Bows           | 5 |  5.0
Fighting       | |  2.5
Armour         | |  0.2
Dodging        | |  2.2
Stealth        | |  0.8

Action                   || total
-------------------------++-------
 Fire: Shortbow          ||    65
 Abil: Hop               ||     1
  Use: Scroll            ||     2
       Potion            ||     2
Armor: Leather armour    ||     6
Dodge: Dodged            ||    11
